 Dungeon Crawl Stone Soup version 0.17.1-1-g73c8601 (webtiles) character file.

112 Opium the Sneak (level 4, -7/34 HPs)
             Began as a Vampire Assassin on Dec 27, 2015.
             Killed by nerve-wracking pain
             ... invoked by an orc priest
              (8 damage)
             ... on level 3 of the Dungeon.
             The game lasted 00:10:53 (2193 turns).

Opium the Sneak (Vampire Assassin)                  Turns: 2193, Time: 00:10:53

Health: -7/34      AC:  6    Str: 10    XL:     4   Next: 63%
Magic:  4/4        EV: 12    Int: 13    God:
Gold:   159        SH:  0    Dex: 16    Spells: 0 memorised, 3 levels left

rFire  . . .     SeeInvis +     a - +2 dagger
rCold  + + .     Clarity  .     c - +0 robe
rNeg   + + +     SustAt   .     (no shield)
rPois  +         Gourm    .     (no helmet)
rElec  .         Spirit   .     d - +0 cloak
rCorr  .         Warding  .     u - +0 pair of gloves
rMut   .         Stasis   .     p - +1 pair of boots
MR     .....                    (no amulet)
Stlth  +++++.....               (no ring)
                                (no ring)

@: regenerating slowly, not resistant to hostile enchantments, quite stealthy
A: fangs 3, see invisible, unbreathing
a: Bat Form


You were on level 3 of the Dungeon.
You were near bloodless.

You visited 1 branch of the dungeon, and saw 3 of its levels.

You collected 159 gold pieces.

Inventory:

Hand Weapons
 a - a +2 dagger (weapon)
 b - a +0 blowgun
Missiles
 e - 8 poisoned needles
 f - 2 curare-tipped needles
 r - 23 stones (quivered)
Armour
 c - a +0 robe (worn)
 d - a +0 cloak (worn)
 p - a +1 pair of boots (worn)
 u - a +0 pair of gloves (worn)
Jewellery
 z - an uncursed ring of poison resistance {unknown}
Scrolls
 j - a scroll of immolation
 k - a scroll of fear {unknown}
 l - a scroll of teleportation {unknown}
 m - a scroll of noise {unknown}
 n - a scroll of identify {unknown}
 o - a scroll of enchant weapon {unknown}
 q - a scroll of enchant armour {unknown}
 v - a scroll of amnesia {unknown}
 y - 2 scrolls of random uselessness
Potions
 g - 6 potions of blood
 h - a potion of cure mutation {unknown}
 i - a potion of magic {unknown}
 s - a potion of mutation {unknown}
 t - a potion of poison {unknown}
 w - a potion of agility {unknown}


   Skills:
 * Level 2.4 Fighting
 * Level 2.5 Short Blades
 * Level 2.2 Throwing
 * Level 1.2 Dodging
 * Level 7.9 Stealth


You had 3 spell levels left.
You didn't know any spells.

Dungeon Overview and Level Annotations

Branches:
Dungeon (3/15)

Altars:
Trog


Innate Abilities, Weirdness & Mutations

You heal slowly.
You have razor-sharp teeth.
You have supernaturally acute eyesight.
You can survive without breathing.


Message History

The orc priest is severely wounded.
The orc priest calls down the wrath of Beogh upon you.
Pain shoots through your body!
* * * LOW HITPOINT WARNING * * *
You hit the orc priest but do no damage.
Your bite misses the orc priest.
The orc priest is severely wounded.
You hit the orc priest but do no damage.
The orc priest is severely wounded.
The orc priest barely misses you.
You hit the orc priest but do no damage.
You bite the orc priest, but do no damage.
The orc priest is severely wounded.
The orc priest misses you.
You hit the orc priest but do no damage.
You bite the orc priest, but do no damage.
The orc priest is severely wounded.
The orc priest invokes the aid of Beogh against you.
Pain shoots through your body!
You die...

############ #..........#
#..(.......# #.>...o=...#
####.....)..#############
............rooo@.......#
............#############
............#
............#
.....o......#
####........# ##########


You could see an orc priest, 2 orcs and a rat.

Vanquished Creatures
  An orc priest (D:3)
  3 adders
  3 worms (D:3)
  6 orcs (D:3)
  3 giant cockroaches
  2 goblins
  2 hobgoblins (D:2)
  8 kobolds
  2 quokkas (D:3)
  3 ball pythons
  7 bats
  2 giant newts
  7 rats
49 creatures vanquished.

Notes
Turn   | Place    | Note
--------------------------------------------------------------
     0 | D:1      | Opium the Vampire Assassin began the quest for the Orb.
     0 | D:1      | Reached XP level 1. HP: 16/16 MP: 1/1
    26 | D:1      | Reached skill level 6 in Stealth
   662 | D:1      | Reached XP level 2. HP: 22/22 MP: 2/2
  1156 | D:2      | Reached skill level 7 in Stealth
  1156 | D:2      | Reached XP level 3. HP: 27/27 MP: 3/3
  1713 | D:3      | Found a bloodstained altar of Trog.
  1777 | D:3      | Reached XP level 4. HP: 33/33 MP: 4/4
  2189 | D:3      | HP: 1/34 [orc priest/nerve-wracking pain (9)]
  2193 | D:3      | Killed from afar by an orc priest

Action                   |  1- 3 |  4- 6 || total
-------------------------+-------+-------++-------
Melee: Dagger            |    78 |    68 ||   146
Throw: Stone             |     1 |       ||     1
  Use: Scroll            |     5 |     1 ||     6
 Stab: Sleeping          |    18 |     3 ||    21
